 Dungeon Crawl Stone Soup version 0.30-a0-4-ga7cffc901d (webtiles) character file.

Game seed: 245929859944328163

9243 Flugkiller the Cleaver (level 11, -1/99 HPs)
             Began as a Minotaur Fighter on Aug 21, 2022.
             Was a High Priest of Cheibriados.
             Slain by a shadow (19 damage)
             ... on level 10 of the Dungeon.
             The game lasted 00:06:27 (11271 turns).

Flugkiller the Cleaver (Minotaur Fighter)          Turns: 11271, Time: 00:06:27

Health: -1/99      AC: 21    Str: 40    XL:     11   Next: 20%
Magic:  15/15      EV: 13    Int: 18    God:    Cheibriados [*****.]
Gold:   545        SH:  0    Dex: 27    Spells: 10/10 levels left

rFire   . . .      SeeInvis .    y - +2 battleaxe (freeze)
rCold   . . .      Faith    .    (shield currently unavailable)
rNeg    . . .      Spirit   .    D - +0 plate armour
rPois   .          Reflect  .    (helmet restricted)
rElec   .          Harm     .    (no cloak)
rCorr   .          Rampage  .    e - +2 pair of gloves
Will    +....                    H - +2 pair of boots {Fly}
Stlth   ..........               B - amulet of the acrobat
HPRegen 0.26/turn                u - +6 ring of strength
MPRegen 0.14/turn                m - ring of willpower

@: marked, flying, very slow
A: horns 2, retaliatory headbutt
a: Renounce Religion, Bend Time, Temporal Distortion, Slouch, Step From Time


You were on level 10 of the Dungeon.
You worshipped Cheibriados.
Cheibriados was extremely pleased with you.
You visited 2 branches of the dungeon, and saw 11 of its levels.
You also visited: Bailey.

You collected 545 gold pieces.

Inventory:

Hand Weapons
 a - a +0 war axe
 v - a +2 flail of distortion
   (You took it off an orc on level 4 of the Dungeon)
 y - a +2 battleaxe of freezing (weapon)
   (You took it off a wight on level 6 of the Dungeon)
Missiles
 r - 6 boomerangs (quivered)
Armour
 c - a +0 buckler
 e - a +2 pair of gloves (worn)
   (You found it on level 6 of the Dungeon)
 D - a +0 plate armour (worn)
   (You found it on level 7 of the Dungeon)
 H - a +2 pair of boots of flying (worn)
   (You acquired it on level 9 of the Dungeon)
Jewellery
 i - a ring of see invisible
   (You found it on level 7 of the Dungeon)
 k - a ring of resist corrosion
   (You found it on level 7 of the Dungeon)
 m - a ring of willpower (right hand)
   (You found it on level 2 of the Dungeon)
 u - a +6 ring of strength (left hand)
   (You found it on level 4 of the Dungeon)
 B - an amulet of the acrobat (around neck)
   (You found it on level 6 of the Dungeon)
Wands
 b - a wand of iceblast (8)
   (You found it on level 8 of the Dungeon)
 F - a wand of quicksilver (5)
   (You found it on level 7 of the Dungeon)
Scrolls
 f - 2 scrolls of immolation
 g - a scroll of vulnerability
 n - a scroll of enchant weapon
 o - a scroll of brand weapon
 t - 4 scrolls of teleportation
 z - 2 scrolls of blinking
 A - a scroll of fear
 E - a scroll of summoning {unknown}
 G - 2 scrolls of enchant armour
 I - a scroll of butterflies {unknown}
Potions
 d - 2 potions of might
 h - a potion of mutation {unknown}
 j - 3 potions of berserk rage {unknown}
 l - 5 potions of degeneration {unknown}
 p - 3 potions of flight {unknown}
 q - 5 potions of curing
 s - 3 potions of ambrosia {unknown}
 w - 2 potions of heal wounds
 x - a potion of invisibility {unknown}
 C - 3 potions of magic


   Skills:
 + Level 9.9 Fighting
 + Level 11.4 Axes
 + Level 9.8 Armour
 + Level 5.6 Dodging
 - Level 3.6 Shields
 + Level 6.8 Invocations
 * Level 4.9 Evocations


You had 10 spell levels left.
You didn't know any spells.
Your spell library was empty.

Dungeon Overview and Level Annotations

Branches:
Dungeon (10/15)            Temple (1/1) D:4          Bailey (visited)
   Lair: D:8-11         Orc: D:9-12

Altars:
Ashenzari
Cheibriados
Dithmenos
Elyvilon
Fedhas
Gozag
Hepliaklqana
Kikubaaqudgha
Nemelex Xobeh
Okawaru
Qazlal
Ru
Sif Muna
Trog
Uskayaw
Vehumet
Wu Jian
Xom
Yredelemnul
Zin
The Shining One

Annotations:
D:3 3 runed translucent doors, Maluco's ghost, amateur DgCj; Pim's ghost, weakling GnTm; sausages's ghost, amateur MfGl; stazo's ghost, amateur DsFi
D:8 2 transporters, soberaf's ghost, novice MiHu
D:10 Nergalle


Innate Abilities, Weirdness & Mutations

You have a pair of horns on your head.
You reflexively headbutt those who attack you in melee.


Message History

The manticore closely misses you. You furiously retaliate!
You headbutt the manticore, but do no damage.
The manticore claws you. The manticore closely misses you.
The water moccasin closely misses you.
A bullfrog comes into view.
A howler monkey comes into view.
The water moccasin barely misses you.
The bullfrog hits you but does no damage.
The centaur shoots an arrow.
The arrow hits you.
You closely miss the water moccasin. You headbutt the water moccasin!
The water moccasin is almost dead.
You completely miss the manticore. You slash the bullfrog!
You freeze the bullfrog. You hit the water moccasin.
The water moccasin seems to slow down.
You freeze the water moccasin.
You feel sick.
The shadow slips into darkness.
The shadow flickers and vanishes!
Deactivating autopickup; reactivate with Ctrl-A.
The manticore barely misses you. You furiously retaliate!
You headbutt the manticore. The manticore claws you.
The manticore claws you but does no damage.
The bullfrog closely misses you. You furiously retaliate!
You headbutt the bullfrog!
You kill the bullfrog!
Cheibriados thoroughly appreciates the change of pace.
The water moccasin bites you but does no damage. x2
An orc comes into view. It is wielding a +0 dagger.
The manticore closely misses you. The manticore claws you. x2
The black bear bites you but does no damage.
The black bear claws you but does no damage.
The black bear misses you.
You hit the water moccasin but do no damage.
Your headbutt misses the water moccasin.
The water moccasin is almost dead.
You slash the black bear! You freeze the black bear. You hit the wyvern.
You freeze the wyvern. You hit the manticore. You freeze the manticore.
You hit something. You miss the water moccasin.
You feel sick.
You are no longer poisoned.
The wyvern bites you!
The water moccasin bites you but does no damage. x2
The howler monkey hoots and howls with incredible vigour!
A howler monkey comes into view.
The wyvern closely misses you.
The shadow strikes at you from the darkness!
Reactivating autopickup.
The water moccasin bites you but does no damage.
An orc wizard comes into view. It is wielding a +0 dagger.
The manticore barely misses you. x3
An orc wizard comes into view. It is wielding a +0 dagger.
The black bear misses you. The black bear closely misses you.
The black bear claws you but does no damage.
The water moccasin bites you but does no damage.
You slice the water moccasin!! You freeze the water moccasin.
You kill the water moccasin!
Cheibriados thoroughly appreciates the change of pace.
You hit the wyvern. You freeze the wyvern. You hit the manticore.
You freeze the manticore. You completely miss the shadow.
You closely miss the water moccasin. You slash the black bear!
You freeze the black bear.
You kill the black bear!
Cheibriados appreciates the change of pace.
The wyvern closely misses you. The shadow misses you. The scorpion misses you.
The manticore bites you. The manticore barely misses you.
The manticore claws you but does no damage.
Nergalle shouts, "Kill, kill, my pretties!"
The wyvern barely misses you.
The water moccasin bites you but does no damage.
You hit the manticore. You freeze the manticore.
Your headbutt misses the manticore.
The manticore is severely wounded.
You slash the water moccasin!
The water moccasin seems to slow down.
You freeze the water moccasin. You slash the wyvern! You freeze the wyvern.
You hit the scorpion. You freeze the scorpion. You slash the shadow!
The wyvern bites you.
The shadow slips into darkness.
The shadow flickers and vanishes!
Deactivating autopickup; reactivate with Ctrl-A.
The scorpion stings you.
You are poisoned.
The scorpion poisons you!
The orc wizard gestures wildly while chanting.
The orc wizard flickers and vanishes!
The manticore bites you!
* * * LOW HITPOINT WARNING * * *
The manticore claws you but does no damage.
The manticore claws you!
* * * LOW HITPOINT WARNING * * *
The water moccasin closely misses you.
You are too injured to fight recklessly!
You are too injured to fight recklessly!
You are too injured to fight recklessly!
You are too injured to fight recklessly!
Unknown command.
You feel better.
You carefully extract the barbed spikes from your body.
The wyvern bites you.
* * * LOW HITPOINT WARNING * * *
The centaur shoots an arrow.
The arrow closely misses you.
The arrow misses the water moccasin.
The scorpion stings you but does no damage.
The shadow strikes at you from the darkness!
You die...

...........#
#....{.≈...# .
#....o≈≈...##..
#..h...≈.....
##....h.o.gF.
#.....hohSo#
......clH{.#
.......†@Ss#
....≈≈..sS.#
....≈..<...#
...........#
...............
≈..............
##...##########
####


You could see Nergalle, a manticore, 3 water moccasins, a black bear, a wyvern,
a bullfrog, a centaur, a gnoll bouda, 2 scorpions, 3 howler monkeys, an orc
wizard and 2 orcs.

Vanquished Creatures
  Amaemon (D:8)
  An orc knight (Bailey)
  An orc sorcerer (Bailey)
  An orange demon (D:8)
  A kobold demonologist (Bailey)
  A hornet (D:9)
  7 yaks
  3 wyverns
  2 acid dragons
  2 water moccasins
  10 orc warriors (Bailey)
  3 ice beasts
  2 black bears
  An ogre (D:7)
  2 centaurs (D:8)
  3 phantoms
  3 gnoll sergeants
  5 bullfrogs
  2 necrophages
  A wyvern zombie (D:7)
  7 scorpions
  13 wights
  An oklob sapling (D:4)
  11 killer bees
  4 howler monkeys
  2 jellies (D:3)
  3 electric eels (Bailey)
  A centaur zombie (D:7)
  3 orc priests
  4 hounds
  An iguana (D:4)
  3 orc wizards (D:8)
  Robin (D:3)
  24 gnolls
  5 adders
  A white imp (D:6)
  3 worms
  3 dart slugs
  23 orcs
  4 bats
  3 endoplasms
  3 giant cockroaches
  28 goblins
  16 hobgoblins
  2 jackals (D:2)
  5 kobolds
  6 quokkas
  8 ball pythons
  3 frilled lizards
  A rat (D:3)
  A spectral hobgoblin (D:8)
245 creatures vanquished.

Vanquished Creatures (others)
  5 fungi (D:10)
  18 plants
23 creatures vanquished.

Grand Total: 268 creatures vanquished

Notes
Turn   | Place    | Note
-------+----------+-------------------------------------------
     0 | D:1      | Flugkiller the Minotaur Fighter began the quest for the
                  | Orb.
     0 | D:1      | Reached XP level 1. HP: 19/19 MP: 0/0
   291 | D:1      | Reached skill level 3 in Axes
   291 | D:1      | Reached XP level 2. HP: 24/27 MP: 1/1
   612 | D:1      | Found a faded altar of an unknown god.
  1157 | D:2      | Reached XP level 3. HP: 33/33 MP: 2/2
  1588 | D:2      | Reached skill level 4 in Axes
  1866 | D:2      | Reached XP level 4. HP: 41/41 MP: 3/3
  2988 | D:3      | Reached skill level 5 in Axes
  2988 | D:3      | Reached XP level 5. HP: 43/47 MP: 4/4
  3044 | D:3      | Identified the +0 helmet of Impish Knowledge {-Cast rF+
                  | Str+6 Stlth+}
  3044 | D:3      | Noticed Robin
  3058 | D:3      | Killed Robin
  3094 | D:3      | Reached skill level 5 in Fighting
  3094 | D:3      | Reached skill level 5 in Armour
  3367 | D:3      | Found a runed translucent gate.
  3367 | D:3      | Found a runed translucent gate.
  3367 | D:3      | Found a runed translucent gate.
  3391 | D:3      | Noticed Pim's ghost (weakling GnTm)
  3391 | D:3      | Noticed sausages's ghost (amateur MfGl)
  3392 | D:3      | Noticed sausages's ghost (amateur MfGl)
  3392 | D:3      | Noticed stazo's ghost (amateur DsFi)
  3393 | D:3      | Noticed Maluco's ghost (amateur DgCj)
  3555 | D:3      | Reached XP level 6. HP: 56/56 MP: 5/5
  3813 | D:4      | Found a staircase to the Ecumenical Temple.
  3829 | Temple   | Entered the Ecumenical Temple
  3925 | Temple   | Became a worshipper of Cheibriados the Contemplative
  3957 | D:4      | Reached skill level 6 in Axes
  4235 | D:4      | Reached * piety under Cheibriados
  4241 | D:4      | Reached skill level 1 in Invocations
  4668 | D:5      | Entered Level 5 of the Dungeon
  4668 | D:5      | Found a shimmering blue altar of Sif Muna.
  4784 | D:5      | Reached XP level 7. HP: 50/61 MP: 6/6
  5298 | D:5      | Reached skill level 7 in Axes
  6103 | D:6      | Reached XP level 8. HP: 60/70 MP: 9/9
  6106 | D:6      | Reached skill level 8 in Axes
  6456 | D:6      | Reached ** piety under Cheibriados
  6637 | D:6      | Found a glowing silver altar of Zin.
  6649 | D:6      | Reached skill level 9 in Axes
  7333 | D:6      | Found a radiant altar of Vehumet.
  7334 | D:6      | Found a shadowy altar of Dithmenos.
  7560 | D:7      | Reached XP level 9. HP: 79/79 MP: 11/11
  7601 | D:7      | Reached skill level 1 in Dodging
  7868 | D:7      | Found a basalt altar of Yredelemnul.
  8008 | D:7      | Reached skill level 10 in Axes
  8025 | D:7      | Reached *** piety under Cheibriados
  8029 | D:7      | Reached skill level 5 in Invocations
  8282 | D:8      | Found a transporter.
  8288 | D:8      | Found a transporter.
  8358 | D:8      | Noticed a moth of wrath
  8621 | D:8      | Noticed an orange demon
  8622 | D:8      | Noticed Amaemon
  8630 | D:8      | Killed Amaemon
  8630 | D:8      | Reached **** piety under Cheibriados
  8631 | D:8      | Reached skill level 1 in Evocations
  8631 | D:8      | Reached XP level 10. HP: 53/90 MP: 13/13
  8634 | D:8      | Killed an orange demon
  9171 | D:8      | Noticed soberaf's ghost (novice MiHu)
  9180 | D:8      | Found a bloodstained altar of Trog.
  9276 | D:8      | Found a hazy altar of Hepliaklqana.
  9703 | D:9      | Found a flagged portal.
  9709 | Bailey   | Entered a bailey
  9738 | Bailey   | Reached skill level 11 in Axes
  9798 | Bailey   | Reached ***** piety under Cheibriados
  9811 | Bailey   | Noticed an orc knight
  9818 | Bailey   | Killed an orc knight
  9819 | Bailey   | Reached skill level 5 in Dodging
 10265 | Bailey   | Found an iron altar of Okawaru.
 10265 | Bailey   | Noticed an orc sorcerer
 10266 | Bailey   | Noticed a sixfirhy
 10268 | Bailey   | Noticed a sixfirhy
 10274 | Bailey   | Noticed a rust devil
 10276 | Bailey   | Reached XP level 11. HP: 82/99 MP: 14/14
 10276 | Bailey   | Paralysed by an orc sorcerer for 5 turns
 10281 | Bailey   | Killed an orc sorcerer
 10678 | D:9      | Acquired a +2 pair of boots of flying
 11253 | D:10     | Entered Level 10 of the Dungeon
 11265 | D:10     | Noticed Nergalle
 11271 | D:10     | Slain by a shadow

Illustrated notes

Levels and vault maps discovered:
D:1:      kilobyte_arrival_exit_the_forest, layout_loops_ring,
          shapermc_ecumenical_altar_notcrosses
D:2:      layout_basic
D:3:      layout_basic, gammafunk_ghost_cemetery,
          chequers_serial_rivers_micro_e, uniq_robin
D:4:      layout_rooms, minmay_temple_entry_oklob
D:5:      layout_loops_corners, nicolae_sif_muna_condensation
D:6:      layout_loops_ring, gammafunk_temple_overflow_statue,
          mainiacjoe_overflow_chevrons
D:7:      layout_loops_cross, lemuel_zombie_altar_yredelemnul,
          hangedman_decor_growths, serial_bayou_pond_e
D:8:      layout_loops_ring, nicolae_hepliaklqana_monster_ancestors,
          gammafunk_ghost_wrathful_warriors, uniq_amaemon
D:9:      layout_basic, enter_bailey_3
D:10:     layout_long_grid, kennysheep_little_box,
          mainiacjoe_overflow_small_starburst, due_lair_maze_entry_diamond,
          kennysheep_decorative_pillar, uniq_nergalle
Temple:   jpeg_temple_clearing

Skill      XL: |  1  2  3  4  5  6  7  8  9 10 |
---------------+-------------------------------+-----
Axes           | 3 4 5 6 7 9 10 11 | 11.4
Fighting       | 4 5 6 7 8 9 |  9.9
Armour         | 4 5 6 7 8 9 |  9.8
Invocations    | 1 2 4 5 6 |  6.8
Dodging        | 4 5 |  5.6
Evocations     | 1 4 |  4.9
Shields        | |  3.6

Action                   |  1- 3 |  4- 6 |  7- 9 | 10-12 || total
-------------------------+-------+-------+-------+-------++-------
Melee: War axe           |    65 |   155 |    71 |       ||   291
       Headbutt          |     9 |    20 |    30 |    18 ||    77
       Battleaxe         |       |       |   128 |   113 ||   241
Evoke: Wand              |       |       |     1 |     4 ||     5
  Use: Scroll            |       |     7 |     6 |     2 ||    15
       Potion            |       |       |     2 |     1 ||     3
Armor: Scale mail        |    29 |    53 |       |       ||    82
       Chain mail        |       |     4 |    54 |       ||    58
       Plate armour      |       |       |    34 |    60 ||    94
Dodge: Dodged            |    42 |    64 |   153 |   143 ||   402
Block: Buckler           |    21 |    24 |    21 |       ||    66

Table legend: (Time is in decaauts)
 A = Elapsed time spent in this place.
 B = Non-inter-level travel time spent in this place.
 C = Inter-level travel time spent in this place.
 D = Time resting spent in this place.
 E = Time spent auto-exploring this place.
 F = Levels seen in this place.
 G = Mean time per level.
                   A        B        C        D        E       F      G
               +--------+--------+--------+--------+--------+-----+--------+
         Total |  13760 |  13254 |    506 |   2056 |   9278 |  12 | 1146.7 |
       Dungeon |  12329 |  11869 |    460 |   1781 |   8441 |  10 | 1232.9 |
        Temple |    121 |     75 |     46 |      0 |     57 |   1 |  121.0 |
        Bailey |   1309 |   1309 |      0 |    275 |    780 |   1 | 1309.0 |
               +--------+--------+--------+--------+--------+-----+--------+

Top non-repeatable levels by time:
     D:6: 1926 daAuts
     D:8: 1659 daAuts
     D:5: 1613 daAuts
     D:1: 1436 daAuts
  Bailey: 1309 daAuts
     D:9: 1299 daAuts
     D:3: 1280 daAuts
     D:2: 1161 daAuts
     D:7: 1023 daAuts
     D:4: 905 daAuts
  Temple: 121 daAuts
    D:10: 22 daAuts
